 Dungeon Crawl Stone Soup version 0.30-a0-772-g5528072125 (webtiles) character file.

Game seed: 11541095083820946067

90 PLAYERX the Covert (level 4, -3/32 HPs)
             Began as a Gnoll Wanderer on Feb 12, 2023.
             Killed by nerve-wracking pain
             ... invoked by an orc priest
              (12 damage)
             ... on level 3 of the Dungeon.
             The game lasted 00:10:48 (2192 turns).

PLAYERX the Covert (Gnoll Wanderer)                 Turns: 2192, Time: 00:10:49

Health: -3/32      AC:  8    Str: 10    XL:     4   Next: 56%
Magic:  8/8        EV: 10    Int: 14    God:
Gold:   146        SH:  0    Dex: 12    Spells: 8/9 levels left

rFire   . . .      SeeInvis .    a - +2 dagger
rCold   . . .      Faith    +    (no shield)
rNeg    . . .      Spirit   .    i - +0 ring mail
rPois   .          Reflect  .    (no helmet)
rElec   .          Harm     .    (no cloak)
rCorr   .          Rampage  .    q - +2 pair of gloves
Will    .....                    (no boots)
Stlth   +++                      r - amulet of faith
HPRegen 0.25/turn                (no ring)
MPRegen 0.11/turn                (no ring)

@: no status effects
A: fangs 1, strong nose, distributed training
a: no special abilities


You were on level 3 of the Dungeon.
You visited 1 branch of the dungeon, and saw 3 of its levels.

You collected 146 gold pieces.

Inventory:

Hand Weapons
 a - a +2 dagger (weapon)
Missiles
 c - 15 poisoned darts (quivered)
Armour
 i - a +0 ring mail (worn)
 q - a +2 pair of gloves (worn)
Jewellery
 r - an amulet of faith (around neck)
Scrolls
 d - a scroll of silence {unknown}
 f - a scroll of teleportation {unknown}
 l - a scroll of enchant armour {unknown}
 m - a scroll of immolation {unknown}
 u - a scroll of poison {unknown}
Potions
 e - 3 potions of attraction
 g - 3 potions of brilliance {unknown}
 h - a potion of magic {unknown}
 j - a potion of cancellation {unknown}
 k - a potion of mutation {unknown}
 n - a potion of haste {unknown}
 o - a potion of heal wounds {unknown}
 p - a potion of might {unknown}
 s - 2 potions of degeneration {unknown}
 t - 2 potions of curing {unknown}
 v - a potion of ambrosia {unknown}


   Skills:
 + Level 1.2 Fighting
 + Level 1.2 Short Blades
 + Level 1.2 Long Blades
 + Level 1.2 Axes
 + Level 1.2 Maces & Flails
 + Level 1.2 Polearms
 + Level 1.2 Staves
 + Level 1.2 Ranged Weapons
 + Level 4.7 Throwing
 + Level 1.2 Armour
 + Level 1.2 Dodging
 + Level 9.6 Stealth
 + Level 1.2 Shields
 + Level 1.2 Unarmed Combat
 + Level 3.0 Spellcasting
 + Level 1.0 Conjurations
 + Level 1.0 Hexes
 + Level 1.0 Summonings
 + Level 1.0 Necromancy
 + Level 2.3 Translocations
 + Level 1.0 Transmutations
 + Level 1.0 Fire Magic
 + Level 1.0 Ice Magic
 + Level 1.0 Air Magic
 + Level 1.0 Earth Magic
 + Level 1.0 Poison Magic
 + Level 1.3 Invocations
 + Level 2.8 Evocations


You had 8 spell levels left.
You knew the following spells:

 Your Spells              Type           Power      Damage    Failure   Level
a - Apportation           Tloc           16%        N/A       22%         1

Your spell library contained the following spells:

 Spells                   Type           Power      Damage    Failure   Level
 Gell's Gravitas          Tloc           8%         N/A       54%         3


Dungeon Overview and Level Annotations

Branches:
Dungeon (3/15)

Altars:

Annotations:
D:3 Natasha


Innate Abilities, Weirdness & Mutations

You have very sharp teeth.
Your uncanny sense of smell can sniff out nearby items.
Your experience applies equally to all skills.


Message History

You hit the orc priest but do no damage.
The orc priest is lightly wounded.
The orc priest hits you but does no damage.
You hit the orc priest but do no damage.
The orc priest is lightly wounded.
You hit the orc priest but do no damage.
Your bite misses the orc priest.
The orc priest is lightly wounded.
The orc priest hits you with a +0 trident.
You hit the orc priest but do no damage.
You bite the orc priest, but do no damage.
The orc priest is lightly wounded.
The orc priest invokes the aid of Beogh against you.
Pain shoots through your body!
You hit the orc priest.
The orc priest is heavily wounded.
The orc priest hits you with a +0 trident.
You hit the orc priest but do no damage.
The orc priest is heavily wounded.
The orc priest hits you but does no damage.
You hit the orc priest.
The orc priest is heavily wounded.
The orc priest hits you but does no damage.
You hit the orc priest but do no damage.
The orc priest is heavily wounded.
The orc priest hits you with a +0 trident.
You hit the orc priest.
The orc priest is severely wounded.
The orc priest hits you with a +0 trident.
You are too injured to fight recklessly!
You hit the orc priest but do no damage.
You bite the orc priest, but do no damage.
The orc priest is severely wounded.
The orc priest hits you with a +0 trident.
* * * LOW HITPOINT WARNING * * *
You barely miss the orc priest.
The orc priest is severely wounded.
The orc priest invokes the aid of Beogh against you.
Pain shoots through your body!
You die...

############
#..........#
#....<)....#
#..........#
#..........#
#..........#
#######..........#
...)....@........#
#######o##########
#)# ... .....
#.....# ∆ #######


You could see an orc priest.

Vanquished Creatures
  5 adders (D:2)
  4 orcs
  3 endoplasms
  A giant cockroach (D:1)
  7 goblins
  3 hobgoblins
  A quokka (D:2)
  3 ball pythons (D:2)
  4 bats
  5 frilled lizards
  4 kobolds
  5 rats
45 creatures vanquished.

Vanquished Creatures (others)
  3 toadstools (D:3)
3 creatures vanquished.

Grand Total: 48 creatures vanquished

Notes
Turn   | Place    | Note
-------+----------+-------------------------------------------
     0 | D:1      | Reached skill level 9 in Stealth
     0 | D:1      | PLAYERX the Gnoll Wanderer began the quest for the Orb.
     0 | D:1      | PLAYERX set off with the following items: a +2 dagger, a
                  | scroll of fear, 11 poisoned darts, a +0 dagger, a potion of
                  | attraction, a +0 robe; and the following spell memorised:
                  | Apportation; and the following spells available to
                  | memorise: Gell's Gravitas.
     0 | D:1      | Reached XP level 1. HP: 13/13 MP: 4/4
   256 | D:1      | Reached XP level 2. HP: 19/19 MP: 5/5
  1131 | D:2      | Reached XP level 3. HP: 16/25 MP: 7/7
  1241 | D:2      | You fall into a shaft and drop 1 floor!
  1278 | D:3      | Noticed Natasha
  1361 | D:2      | Reached skill level 1 in Invocations
  1435 | D:2      | Reached skill level 1 in Fighting
  1435 | D:2      | Reached skill level 1 in Short Blades
  1435 | D:2      | Reached skill level 1 in Long Blades
  1435 | D:2      | Reached skill level 1 in Axes
  1435 | D:2      | Reached skill level 1 in Maces & Flails
  1435 | D:2      | Reached skill level 1 in Polearms
  1435 | D:2      | Reached skill level 1 in Staves
  1435 | D:2      | Reached skill level 1 in Ranged Weapons
  1435 | D:2      | Reached skill level 1 in Armour
  1435 | D:2      | Reached skill level 1 in Dodging
  1435 | D:2      | Reached skill level 1 in Shields
  1435 | D:2      | Reached skill level 1 in Unarmed Combat
  1509 | D:2      | Reached XP level 4. HP: 32/32 MP: 8/8
  1660 | D:2      | Found a faded altar of an unknown god.
  1727 | D:2      | Reached skill level 1 in Conjurations
  1727 | D:2      | Reached skill level 1 in Hexes
  1727 | D:2      | Reached skill level 1 in Summonings
  1727 | D:2      | Reached skill level 1 in Necromancy
  1727 | D:2      | Reached skill level 1 in Transmutations
  1727 | D:2      | Reached skill level 1 in Fire Magic
  1727 | D:2      | Reached skill level 1 in Ice Magic
  1727 | D:2      | Reached skill level 1 in Air Magic
  1727 | D:2      | Reached skill level 1 in Earth Magic
  1727 | D:2      | Reached skill level 1 in Poison Magic
  2192 | D:3      | Killed from afar by an orc priest

Illustrated notes

Levels and vault maps discovered:
D:1:      minmay_arrival_cross, layout_basic, serial_co_window_serial,
          co_window_paths_b, co_window_corner_a, co_window_paths_b,
          co_window_paths_a, co_window_corner_a, co_window_corner_b,
          co_window_2corner, co_window_broadway_c, co_window_paths_e,
          glass_columns_b, glass_columns_b, glass_columns_a, glass_columns_b,
          glass_columns_c
D:2:      layout_rooms, chequers_ecumenical_altar_simple_redux,
          grunt_ministairs_15, minmay_increasing_density
D:3:      cheibrodos_thug_alley, layout_basic, minmay_gold_behind_fungi,
          uniq_natasha, uniq_jessica

Skill      XL: |  1  2  3  4 |
---------------+-------------+-----
Stealth        | |  9.6
Translocations | 2 |  2.3
Invocations    | 1 |  1.3
Fighting       | 1 |  1.2
Short Blades   | 1 |  1.2
Long Blades    | 1 |  1.2
Axes           | 1 |  1.2
Maces & Flails | 1 |  1.2
Polearms       | 1 |  1.2
Staves         | 1 |  1.2
Ranged Weapons | 1 |  1.2
Armour         | 1 |  1.2
Dodging        | 1 |  1.2
Shields        | 1 |  1.2
Unarmed Combat | 1 |  1.2
Spellcasting   | 3 |  3.0
Conjurations   | 1 |  1.0
Hexes          | 1 |  1.0
Summonings     | 1 |  1.0
Necromancy     | 1 |  1.0
Transmutations | 1 |  1.0
Fire Magic     | 1 |  1.0
Ice Magic      | 1 |  1.0
Air Magic      | 1 |  1.0
Earth Magic    | 1 |  1.0
Poison Magic   | 1 |  1.0
Throwing       | |  4.7
Evocations     | |  2.8

Action                     |  1- 3 |  4- 6 || total
---------------------------+-------+-------++-------
  Melee: Dagger            |    88 |    94 ||   182
         Bite              |     6 |     9 ||    15
         Punch             |       |     1 ||     1
    Use: Scroll            |       |     1 ||     1
   Stab: Sleeping          |    15 |     1 ||    16
 Armour: Robe              |     2 |       ||     2
         Ring mail         |    30 |    55 ||    85
  Dodge: Dodged            |    44 |    53 ||    97

Table legend: (Time is in decaauts)
 A = Elapsed time spent in this place.
 B = Non-inter-level travel time spent in this place.
 C = Inter-level travel time spent in this place.
 D = Time resting spent in this place.
 E = Time spent auto-exploring this place.
 F = Levels seen in this place.
 G = Mean time per level.
                   A        B        C        D        E       F      G
               +--------+--------+--------+--------+--------+-----+--------+
         Total |   2185 |   2185 |      0 |    203 |   1199 |   3 |  728.3 |
       Dungeon |   2185 |   2185 |      0 |    203 |   1199 |   3 |  728.3 |
               +--------+--------+--------+--------+--------+-----+--------+

Top non-repeatable levels by time:
     D:1: 1090 daAuts
     D:2: 974 daAuts
     D:3: 120 daAuts
